 Dungeon Crawl Stone Soup version 0.31.0-32-g396128a36d (webtiles) character file.

Game seed: 7968468752096002159

779 gohu the Chopper (level 7, -3/62 HPs)
             Began as a Minotaur Fighter on Apr 1, 2024.
             Slain by a meliai (7 damage)
             ... on level 5 of the Dungeon.
             The game lasted 00:05:22 (3949 turns).

gohu the Chopper (Minotaur Fighter)                 Turns: 3949, Time: 00:05:23

Health: -3/62      AC:  7    Str: 22    XL:     7   Next: 54%
Magic:  6/6        EV:  9    Int:  5    God:
Gold:   346        SH:  5    Dex: 10    Spells: 6/6 levels left

rFire   . . .        a - +0 war axe
rCold   . . .        c - +0 buckler
rNeg    . . .        b - +0 scale mail
rPois   .            (helmet restricted)
rElec   .            (no cloak)
rCorr   .            (no gloves)
SInv    +            (no boots)
Will    .....        (no amulet) Stlth
                     u - ring of see invisible
HPRegen 0.30/turn    (no ring)
MPRegen 0.10/turn

%: no passive effects
@: lethally poisoned (-3 -> -31)
A: horns 2, retaliatory headbutt
a: no special abilities


You were on level 5 of the Dungeon.
You visited 1 branch of the dungeon, and saw 5 of its levels.

You collected 346 gold pieces.

Inventory:

Hand Weapons
 a - a +0 war axe (weapon)
 l - a +0 morningstar
Armour
 b - a +0 scale mail (worn)
 c - a +0 buckler (worn)
Jewellery
 t - a ring of wizardry
 u - a ring of see invisible (left hand)
Wands
 s - a wand of polymorph (20)
Scrolls
 e - 2 scrolls of blinking {unknown}
 g - a scroll of immolation {unknown}
 i - a scroll of silence {unknown}
 m - 2 scrolls of amnesia {unknown}
 n - 3 scrolls of identify {unknown}
 p - a scroll of fog {unknown}
 r - 2 scrolls of fear {unknown}
 v - a scroll of enchant armour {unknown}
Potions
 d - a potion of might
 f - 3 potions of enlightenment {unknown}
 h - 3 potions of attraction {unknown}
 j - 5 potions of curing {unknown}
 k - a potion of mutation {unknown}
 o - a potion of cancellation {unknown}
 q - a potion of brilliance {unknown}


   Skills:
 + Level 5.9 Fighting
 * Level 7.1 Axes
 + Level 6.0 Armour
 - Level 5.0 Shields


You had 6 spell levels left.
You didn't know any spells.
Your spell library contained the following spells:

 Spells                   Type           Power      Damage    Failure   Level
 Lesser Beckoning         Tloc           0%         N/A       93%         2
 Gell's Gravitas          Tloc           0%         N/A       99%         3
 Teleport Other           Tloc           0%         N/A       99%         3
 Animate Armour           Summ/Erth      0%         N/A       100%        4
 Summon Lightning Spire   Summ/Air       0%         N/A       100%        4
 Lee's Rapid Deconstruct  Erth           0%         3d4*      100%        5


Dungeon Overview and Level Annotations

Branches:
Dungeon (5/15)
 Temple: D:4-7

Altars:
Cheibriados
Fedhas
Ru
Sif Muna
Vehumet

Annotations:
D:3 1 runed translucent door, Crazy Yiuf


Innate Abilities, Weirdness & Mutations

You have a pair of horns on your head.
You reflexively headbutt those who attack you in melee.


Message History

Aim: a steam dragon (will become a meliai, a swamp drake, or a killer bee, chance to affect: 49%)
The steam dragon resists with some effort.
Aiming: Polymorph
Press: ? - help, Shift-Dir - straight line, f/p - steam dragon
Aim: a steam dragon (will become a meliai, a swamp drake, or a killer bee, chance to affect: 49%)
The steam dragon resists with some effort.
Aiming: Polymorph
Press: ? - help, Shift-Dir - straight line, f/p - steam dragon
Aim: a steam dragon (will become a meliai, a swamp drake, or a killer bee, chance to affect: 49%)
The steam dragon resists with some effort.
Aiming: Polymorph
Press: ? - help, Shift-Dir - straight line, f/p - steam dragon
Aim: a steam dragon (will become a meliai, a swamp drake, or a killer bee, chance to affect: 49%)
The steam dragon evaporates and reforms as a meliai!
The meliai hits you but does no damage. The meliai stings you.
The meliai hits you but does no damage. The meliai stings you.
You see here a +0 scale mail.
You slash the meliai! Your headbutt misses the meliai.
The meliai is heavily wounded.
You block the meliai's attack. The meliai stings you.
You are poisoned.
The meliai poisons you! The meliai hits you. The meliai stings you.
You are more poisoned.
The meliai poisons you!
You hit the meliai but do no damage. Your headbutt misses the meliai.
The meliai is heavily wounded.
You feel extremely sick. The meliai hits you! The meliai closely misses you.
The meliai hits you. The meliai stings you!
* * * LOW HITPOINT WARNING * * *
You are too injured to fight recklessly!
You closely miss the meliai.
The meliai is heavily wounded.
* * * LOW HITPOINT WARNING * * *
You feel extremely sick. The meliai hits you.
* * * LOW HITPOINT WARNING * * *
You block the meliai's attack. x2; The meliai barely misses you.
The meliai hits you!
You die...

......# #. ##...##
......# #.# ##.....##
......# ..###.>.....#
......## ..##.......#
.#.....#######.##.......#
.#####.........###......#
.#
########...##......#####.
.# ##........=....... .#
#.<@y............ .#
.......>#............. .#
##########..........##
..... ..[...####....
.###.. .......# ..$# ...
#######... /.# #### #####
.# ####.. ......


You could see a meliai.

Vanquished Creatures
  A black bear (D:4)
  2 ogres (D:4)
  2 scorpions (D:5)
  A howler monkey (D:1)
  A jelly (D:4)
  An iguana (D:4)
  Terence (D:2)
  2 orc wizards (D:3)
  10 gnolls
  5 adders
  A white imp (D:5)
  A dart slug (D:2)
  A ribbon worm (D:2)
  11 orcs
  5 ball pythons
  8 endoplasms
  3 giant cockroaches
  9 goblins
  2 hobgoblins
  8 jackals (D:2)
  5 kobolds
  2 quokkas
  2 bats
  5 frilled lizards
  5 rats
94 creatures vanquished.

Notes
Turn   | Place    | Note
-------+----------+-------------------------------------------
     0 | D:1      | gohu the Minotaur Fighter began the quest for the Orb.
     0 | D:1      | Reached XP level 1. HP: 19/19 MP: 0/0
   112 | D:1      | Reached XP level 2. HP: 24/27 MP: 1/1
   330 | D:1      | Reached skill level 3 in Axes
   623 | D:1      | Reached XP level 3. HP: 18/33 MP: 2/2
   720 | D:1      | Reached skill level 4 in Axes
   720 | D:1      | Reached XP level 4. HP: 22/40 MP: 3/3
   830 | D:2      | Noticed Terence
   838 | D:2      | Killed Terence
   887 | D:2      | Reached XP level 5. HP: 47/47 MP: 4/4
  1573 | D:3      | Reached skill level 5 in Axes
  1615 | D:3      | Found a faded altar of an unknown god.
  1817 | D:3      | Found a snail-covered altar of Cheibriados.
  1906 | D:3      | Reached XP level 6. HP: 55/55 MP: 5/5
  2059 | D:3      | Found a runed translucent door.
  2060 | D:3      | Noticed Crazy Yiuf
  2670 | D:4      | Found a radiant altar of Vehumet.
  2670 | D:4      | Found a blossoming altar of Fedhas.
  2729 | D:4      | Reached skill level 5 in Fighting
  2734 | D:4      | Reached skill level 5 in Armour
  2734 | D:4      | Reached skill level 5 in Shields
  2950 | D:4      | Reached skill level 6 in Axes
  2950 | D:4      | Reached XP level 7. HP: 12/61 MP: 6/6
  3777 | D:5      | Entered Level 5 of the Dungeon
  3800 | D:5      | Found a sacrificial altar of Ru.
  3831 | D:5      | Found a shimmering blue altar of Sif Muna.
  3838 | D:5      | Reached skill level 7 in Axes
  3934 | D:5      | Noticed a steam dragon
  3945 | D:5      | a steam dragon changed into a meliai
  3945 | D:5      | Noticed a meliai
  3949 | D:5      | Slain by a meliai

Illustrated notes

Levels and vault maps discovered:
D:1:      nzn_arrival_crosshair, layout_rooms
D:2:      layout_rooms, uniq_terence
D:3:      layout_basic, lemuel_tele_altar, basic_ecumenical_altar,
          uniq_crazy_yiuf_cottage
D:4:      layout_layer_cave, gammafunk_temple_overflow_wave
D:5:      layout_rooms, mainiacjoe_overflow_cross_hatched,
          nicolae_ru_awakened_eye

Skill      XL: |  1  2  3  4  5  6  7 |
---------------+----------------------+-----
Axes           | 3 4 5 6 7 |  7.1
Fighting       | 4 5 |  5.9
Armour         | 4 5 6 |  6.0
Shields        | 4 5 |  5.0

Action                     |  1- 3 |  4- 6 |  7- 9 || total
---------------------------+-------+-------+-------++-------
  Melee: War axe           |    88 |   110 |    20 ||   218
         Headbutt          |    11 |    15 |     2 ||    28
  Throw: Throwing net      |       |     1 |       ||     1
  Evoke: Wand              |       |       |     4 ||     4
 Armour: Scale mail        |    57 |    96 |    22 ||   175
  Dodge: Dodged            |    51 |    45 |     8 ||   104
  Block: Buckler           |    25 |    21 |     7 ||    53
